 Dungeon Crawl Stone Soup version 0.16-a0-3827-g034e2a6 (webtiles) character file.

112 BluebellGnoll the Skirmisher (level 4, 20/44 HPs)
             Began as a Deep Dwarf Healer on Jan 29, 2015.
             Was a Believer of Elyvilon.
             Quit the game on level 3 of the Dungeon.
             The game lasted 00:16:06 (2223 turns).

BluebellGnoll the Skirmisher (Deep Dwarf Healer)    Turns: 2223, Time: 00:16:06

Health: 20/44      AC:  4    Str: 19    XL:     4   Next: 63%
Magic:  1/7        EV: 14    Int: 17    God:    Elyvilon [**....]
Gold:   84         SH:  0    Dex: 12    Spells: 0 memorised, 3 levels left

rFire  . . .     SeeInvis .     j - +0 flail
rCold  . . .     Clarity  .     m - +0 leather armour
rNeg   . . .     SustAb   .     (no shield)
rPois  .         Gourm    .     v - +0 helmet
rElec  .         Spirit   .     (no cloak)
rCorr  .         Warding  .     (no gloves)
rMut   .         Stasis   .     (no boots)
MR     +....                    (no amulet)
Stlth  +.........               (no ring)
                                s - ring of protection from magic

@: brilliant, non-regenerating, somewhat resistant to hostile enchantments, very
unstealthy
A: damage resistance, recharge devices, hooves 1, repulsion field 1, sense
surroundings 1, slow healing 3, strong 1
a: Device Recharging, Lesser Healing, Lesser Self-Healing, Divine Protection,
Purification, Renounce Religion


You were on level 3 of the Dungeon.
You worshipped Elyvilon.
Elyvilon was pleased with you.
You were very hungry.

You visited 1 branch of the dungeon, and saw 3 of its levels.

You collected 84 gold pieces.

Inventory:

Hand weapons
 j - a +0 flail (weapon)
 l - a +0 hunting sling
 u - a +2 dagger of venom
Missiles
 g - 12 poisoned needles
 k - 43 sling bullets
Armour
 m - a +0 leather armour (worn)
 v - a +0 helmet (worn)
Jewellery
 s - a ring of protection from magic (left hand)
Magical devices
 d - a wand of heal wounds (3)
Scrolls
 e - 3 scrolls of remove curse
 h - 3 scrolls of identify {unknown}
 q - 3 scrolls of recharging {unknown}
Potions
 b - 3 potions of curing
Comestibles
 f - 3 bread rations
 i - a royal jelly
 n - 2 meat rations
 o - a fruit
 p - a slice of pizza
 r - 8 chunks of flesh


   Skills:
 + Level 4.1 Fighting
 - Level 2.1 Dodging
 - Level 3.6 Invocations


You had 3 spell levels left.
You didn't know any spells.

Dungeon Overview and Level Annotations

Branches:
Dungeon (3/15)

Altars:
Fedhas
Makhleb

Annotations:
D:3 Grinder, Natasha


Innate Abilities, Weirdness & Mutations

You are resistant to damage.
You can recharge devices by infusing magical energy.
You passively map a small area around you.
You do not heal naturally.
You have large cloven feet.
You are surrounded by a mild repulsion field (EV +2).
Your muscles are strong. (Str +2)


Message History

Unknown command.
Use which ability? (? or * to list)
Press: ? - help, Dir - move target cursor, f - jackal Heal: a jackal The light of Elyvilon fails to reach the jackal.
You feel somewhat more hungry. Grinder closely misses you.
Natasha claws you but does no damage.
A jackal comes into view.
Unknown command.
Use which ability? (? or * to list)
Press: ? - help, Dir - move target cursor, f/p - jackal Heal: a jackal Elyvilon supports your offer of peace.
The jackal turns neutral.
You feel somewhat more hungry.
The jackal barks!
Grinder hits you!
You writhe in agony.
You writhe in agony.
The jackal goes up the stairs.
Natasha claws you. Grinder hits you but does no damage.
Unknown command.
Are you sure you want to abandon this character and quit the game? (Confirm with "yes".)

. , .... ** * .....
, * 5... , ,, , *
... , * ##.., ,, *
,..., ,, * *,
#.#.##.##########..#
#..?........5@h5.h.#
###########.####.<##
#.# , ..# #.# * ,#
#.# #.# * #.# #.# ,*
#.#


You could see Grinder, an iron imp, Natasha and a jackal.

Vanquished Creatures
  Robin (D:3)
  5 gnolls
  A giant gecko (D:3)
  An orc (D:3)
  A ball python (D:2)
  2 bats
  5 goblins
  5 hobgoblins
  A giant cockroach (D:1)
  4 giant newts
  3 kobolds
  7 rats
36 creatures vanquished.

Vanquished Creatures (others)
  2 goblins (D:3)
2 creatures vanquished.

Grand Total: 38 creatures vanquished

Notes
Turn   | Place    | Note
--------------------------------------------------------------
     0 | D:1      | BluebellGnoll, the Deep Dwarf Healer, began the quest for the Orb.
     0 | D:1      | Reached XP level 1. HP: 16/16 MP: 2/2
    21 | D:1      | Reached skill level 1 in Fighting
   522 | D:1      | Reached XP level 2. HP: 13/26 MP: 4/4
  1312 | D:1      | Gained mutation: You are surrounded by a mild repulsion field (EV +2). [potion of mutation]
  1312 | D:1      | Gained mutation: Your muscles are strong. (Str +2) [potion of mutation]
  1312 | D:1      | Gained mutation: You have large cloven feet. [potion of mutation]
  1357 | D:1      | Reached XP level 3. HP: 23/33 MP: 3/5
  1629 | D:2      | Reached XP level 4. HP: 30/43 MP: 7/7
  1871 | D:2      | Found a blossoming altar of Fedhas.
  1980 | D:3      | Found a burning altar of Makhleb.
  2109 | D:3      | Noticed Robin
  2117 | D:3      | Killed Robin
  2117 | D:3      | Reached skill level 4 in Fighting
  2202 | D:3      | Noticed Grinder
  2208 | D:3      | Noticed Natasha
  2223 | D:3      | Quit the game

Action                   |  1- 3 |  4- 6 || total
-------------------------+-------+-------++-------
Melee: Club              |    59 |       ||    59
       Unarmed           |     6 |       ||     6
       Flail             |    13 |    53 ||    66
       Whip              |    12 |       ||    12
 Fire: Hunting sling     |       |     7 ||     7
Invok: Lesser Healing    |    47 |    19 ||    66
       Lesser Self-Heali |     7 |     5 ||    12
Evoke: Wand              |     1 |     1 ||     2
  Use: Potion            |     5 |     2 ||     7
       Scroll            |       |     1 ||     1
  Eat: Chunk             |     8 |     5 ||    13
       Fruit             |     2 |       ||     2
